 Dungeon Sprint DCSS version 0.29-a0-360-g8ed1089bbe (webtiles) character file.

Game seed: 7169972227524744705

5100000 HendSelp the Axe Maniac (level 22, -15/169 HPs)
             Began as a Tengu Monk on Apr 28, 2022.
             Was the Champion of Makhleb.
             Killed by the air
             ... invoked by a tyrant
              (45 damage)
             ... in the Dungeon (Sprint VIII: "Arena of Blood").
             The game lasted 00:01:36 (51 turns).

HendSelp the Axe Maniac (Tengu Monk)                  Turns: 51, Time: 00:01:37

Health: -15/169    AC:  3    Str: 12    XL:     22   Next: 55%
Magic:  22/40      EV: 45    Int: 13    God:    Makhleb [******]
Gold:   0          SH:  0    Dex: 25    Spells: 48/48 levels left

rFire   . . .      SeeInvis .   j - +∞ Axe of Woe
rCold   . . .      Faith    .   (shield currently unavailable)
rNeg    . . .      Spirit   .   b - +0 robe
rPois   .          Reflect  .   (helmet restricted)
rElec   .          Harm     .   (no cloak)
rCorr   .          Rampage  .   (no gloves)
Will    +....      NoTele   +   (boots unavailable)
Stlth   ++++++++++              (no amulet)
HPRegen 0.38/turn               (no ring)
MPRegen 0.27/turn               (no ring)

@: flying quickly and evasively, quick
A: beak, talons 3, nimble flight
a: Renounce Religion, Minor Destruction, Lesser Servant of Makhleb, Major
Destruction, Greater Servant of Makhleb


You were in the Dungeon.
You worshipped Makhleb.
Makhleb was exalted by your worship.
You visited 1 branch

Inventory:

Hand Weapons
 a - a +0 hand axe
 j - the +∞ Axe of Woe (weapon)
   (You found it in the Dungeon)
Armour
 b - a +0 robe (worn)
Scrolls
 i - a scroll of blinking
Potions
 c - a potion of ambrosia
 d - a potion of curing
 e - a potion of heal wounds
 f - a potion of haste
 g - 2 potions of magic
 h - a potion of berserk rage


   Skills:
 O Level 27 Fighting
 + Level 16.2(18.3) Short Blades
 + Level 14.2(17.3) Long Blades
 O Level 27 Axes
 + Level 14.2(23.6) Maces & Flails
 + Level 14.2(23.6) Polearms
 + Level 14.2(18.7) Staves
 + Level 15.0(17.5) Slings
 + Level 16.2 Bows
 + Level 16.2 Crossbows
 + Level 15.0(17.5) Throwing
 + Level 16.2 Armour
 O Level 27 Dodging
 O Level 27 Stealth
 + Level 15.0 Shields
 + Level 16.2 Unarmed Combat
 + Level 13.8 Spellcasting
 + Level 19.0 Conjurations
 + Level 11.7 Hexes
 + Level 17.6 Summonings
 + Level 16.2 Necromancy
 + Level 12.7 Translocations
 + Level 12.7 Transmutations
 + Level 16.3 Fire Magic
 + Level 13.8 Ice Magic
 + Level 19.0 Air Magic
 + Level 11.7 Earth Magic
 + Level 15.0 Poison Magic
 + Level 13.8 Invocations
 + Level 15.0 Evocations


You had 48 spell levels left.
You didn't know any spells.
Your spell library was empty.

Dungeon Overview and Level Annotations

Branches:
Dungeon (1/1)

Altars:
Makhleb


Innate Abilities, Weirdness & Mutations

You have a beak for a mouth.
You have claws for feet.
Your magical nature lets you fly swiftly and evasively.


Message History

You hear a shout!
The large bag of meat is engulfed in blazing flames.
The bag of meat is engulfed in blazing flames.
The bag of meat hits you with a +9 war axe!!
* * * LOW HITPOINT WARNING * * *
You hear a shout! x3
Unknown command.
Unknown command.
Unknown command.
You slice the bag of meat!!
You pulverise the bag of meat into a thin bloody mist.
You kill the bag of meat!
Makhleb accepts your kill.
You feel better.
You are engulfed in blazing flames.
* * * LOW HITPOINT WARNING * * *
You hear a shout! x8
The eight-headed meat hydra is engulfed in blazing flames.
You hear a shout! x3
Unknown command.
Unknown command.
Unknown command.
Unknown command.
Unknown command.
Unknown command.
Unknown command.
Unknown command.
Unknown command.
Unknown command.
You hit the sculptor of flesh.
You slaughter the sculptor of flesh joyfully.
You destroy the sculptor of flesh!
Makhleb accepts your kill.
You feel better.
You are engulfed in blazing flames.
* * * LOW HITPOINT WARNING * * *
You hear a shout! x4
The large bag of meat is engulfed in blazing flames.
You hear a shout! x3
The tyrant waves its bony arms in wide circles.
The air twists around and strikes you!!!
You die...

###############
##.......=......
................
......##@##.####
......).)§o.....
###...Do##O##...
.....°).).X°o...
..o...)°○o#L#.o.
..OO.○○z°...X...
#.......°.......
V#....))).......
......))))..O...


You could see a tyrant, an eight-headed meat hydra, a sculptor of flesh, a large
bag of meat (inner flame), 2 large abominations, 2 meat berserkers and 4 bags of
meat.

Vanquished Creatures
  2 vampire knights (D)
  14 ogres (D)
  5 two-headed ogres (D)
  26 orcs (D)
  4 skeletal warriors (D)
51 creatures vanquished.

Notes
Turn   | Place    | Note
-------+----------+-------------------------------------------
     0 | D        | Found the +∞ Axe of Woe
     0 | D        | HendSelp the Tengu Monk began the quest for the Orb.
     0 | D        | Reached XP level 1. HP: 14/14 MP: 2/2
     4 | D        | Became a worshipper of Makhleb the Destroyer
     4 | D        | Reached * piety under Makhleb
     4 | D        | Reached ** piety under Makhleb
     5 | D        | Noticed a bag of meat
     5 | D        | Noticed a meat berserker
     6 | D        | Noticed a bag of meat
     6 | D        | Noticed a meat berserker
     7 | D        | Noticed a meat berserker
     7 | D        | Killed a meat berserker
     7 | D        | Noticed a meat berserker
     7 | D        | Noticed a bag of meat
     8 | D        | Reached XP level 2. HP: 37/37 MP: 3/3
     8 | D        | Reached XP level 3. HP: 42/42 MP: 4/4
     8 | D        | Reached XP level 4. HP: 48/48 MP: 5/5
     8 | D        | Gained mutation: Your magical nature lets you fly swiftly
                  | and evasively. [Tengu growth]
     8 | D        | Reached XP level 5. HP: 53/53 MP: 6/6
     8 | D        | Reached XP level 6. HP: 59/59 MP: 7/7
     8 | D        | Reached XP level 7. HP: 64/64 MP: 8/8
     8 | D        | Reached XP level 8. HP: 69/69 MP: 9/9
     8 | D        | Reached XP level 9. HP: 75/75 MP: 10/10
     8 | D        | Reached XP level 10. HP: 80/80 MP: 11/11
     8 | D        | Reached XP level 11. HP: 85/85 MP: 12/12
     8 | D        | Reached XP level 12. HP: 91/91 MP: 13/13
     8 | D        | Noticed a bag of meat
     9 | D        | Noticed a bag of meat
     9 | D        | Noticed a bag of meat
    10 | D        | Killed a meat berserker
    10 | D        | Killed a bag of meat
    10 | D        | Reached *** piety under Makhleb
    10 | D        | Killed a meat berserker
    11 | D        | Reached XP level 13. HP: 106/106 MP: 14/14
    11 | D        | Reached XP level 14. HP: 112/112 MP: 15/15
    11 | D        | Killed a bag of meat
    12 | D        | Reached skill level 10 in Stealth
    12 | D        | Killed a meat berserker
    12 | D        | Noticed a meat berserker
    13 | D        | Reached XP level 15. HP: 122/122 MP: 16/16
    13 | D        | Noticed a large bag of meat
    14 | D        | Noticed a meat berserker
    14 | D        | Killed a meat berserker
    14 | D        | Reached **** piety under Makhleb
    15 | D        | Reached skill level 27 in Fighting
    15 | D        | Reached skill level 27 in Axes
    15 | D        | Reached skill level 27 in Dodging
    15 | D        | Reached XP level 16. HP: 133/133 MP: 17/17
    15 | D        | Noticed a meat berserker
    16 | D        | Noticed a meat berserker
    17 | D        | Reached ***** piety under Makhleb
    19 | D        | Killed a meat berserker
    20 | D        | Reached skill level 27 in Stealth
    20 | D        | Killed a meat berserker
    21 | D        | Reached skill level 5 in Short Blades
    21 | D        | Reached skill level 5 in Bows
    21 | D        | Reached skill level 5 in Crossbows
    21 | D        | Reached skill level 5 in Armour
    21 | D        | Reached skill level 5 in Unarmed Combat
    21 | D        | Reached skill level 5 in Summonings
    21 | D        | Reached skill level 5 in Necromancy
    21 | D        | Reached skill level 5 in Fire Magic
    21 | D        | Reached XP level 17. HP: 139/139 MP: 17/24
    22 | D        | Killed a meat berserker
    22 | D        | Reached ****** piety under Makhleb
    22 | D        | Noticed a meat berserker
    23 | D        | Reached skill level 5 in Hexes
    23 | D        | Reached skill level 5 in Translocations
    23 | D        | Reached skill level 5 in Transmutations
    23 | D        | Reached skill level 5 in Earth Magic
    23 | D        | Reached XP level 18. HP: 145/145 MP: 17/28
    23 | D        | Killed a large bag of meat
    24 | D        | Reached skill level 10 in Conjurations
    24 | D        | Reached skill level 10 in Air Magic
    24 | D        | Noticed a large bag of meat
    25 | D        | Reached skill level 10 in Summonings
    25 | D        | Reached XP level 19. HP: 136/151 MP: 17/32
    26 | D        | Noticed a large bag of meat
    27 | D        | Reached skill level 10 in Short Blades
    27 | D        | Reached skill level 10 in Bows
    27 | D        | Reached skill level 10 in Crossbows
    27 | D        | Reached skill level 10 in Armour
    27 | D        | Reached skill level 10 in Unarmed Combat
    27 | D        | Reached skill level 10 in Necromancy
    27 | D        | Reached skill level 10 in Fire Magic
    27 | D        | Noticed a large bag of meat
    29 | D        | Killed a meat berserker
    30 | D        | Reached skill level 10 in Slings
    30 | D        | Reached skill level 10 in Throwing
    30 | D        | Reached skill level 10 in Shields
    30 | D        | Reached skill level 10 in Poison Magic
    30 | D        | Reached skill level 10 in Evocations
    30 | D        | Noticed a destroyer
    30 | D        | Noticed a meat berserker
    31 | D        | Noticed a sculptor of flesh
    33 | D        | Killed a large bag of meat
    33 | D        | Noticed a meat berserker
    34 | D        | Reached skill level 10 in Long Blades
    34 | D        | Reached skill level 10 in Maces & Flails
    34 | D        | Reached skill level 10 in Polearms
    34 | D        | Reached skill level 10 in Staves
    34 | D        | Reached XP level 20. HP: 126/157 MP: 19/34
    34 | D        | Killed a large bag of meat
    34 | D        | Noticed a large bag of meat
    35 | D        | Reached skill level 10 in Spellcasting
    35 | D        | Reached skill level 10 in Ice Magic
    35 | D        | Reached skill level 10 in Invocations
    35 | D        | Killed a large bag of meat
    35 | D        | Noticed an eight-headed meat hydra
    36 | D        | Noticed a meat berserker
    37 | D        | Noticed a meat berserker
    37 | D        | Killed a meat berserker
    37 | D        | Noticed a meat berserker
    38 | D        | Reached skill level 15 in Conjurations
    38 | D        | Reached skill level 10 in Translocations
    38 | D        | Reached skill level 10 in Transmutations
    38 | D        | Reached skill level 15 in Air Magic
    38 | D        | Noticed a destroyer
    39 | D        | Killed a destroyer
    40 | D        | Reached skill level 10 in Hexes
    40 | D        | Reached skill level 15 in Summonings
    40 | D        | Reached skill level 10 in Earth Magic
    40 | D        | Reached XP level 21. HP: 100/163 MP: 20/37
    40 | D        | Killed a meat berserker
    41 | D        | Noticed a large bag of meat
    42 | D        | Killed a meat berserker
    43 | D        | Killed a meat berserker
    43 | D        | Killed a meat berserker
    44 | D        | Reached skill level 15 in Short Blades
    44 | D        | Reached skill level 15 in Bows
    44 | D        | Reached skill level 15 in Crossbows
    44 | D        | Reached skill level 15 in Armour
    44 | D        | Reached skill level 15 in Unarmed Combat
    44 | D        | Reached skill level 15 in Necromancy
    44 | D        | Reached skill level 15 in Fire Magic
    45 | D        | Killed a destroyer
    46 | D        | Reached XP level 22. HP: 169/169 MP: 21/40
    46 | D        | Noticed a destroyer
    47 | D        | Killed a large bag of meat
    49 | D        | Reached skill level 15 in Slings
    49 | D        | Reached skill level 15 in Throwing
    49 | D        | Reached skill level 15 in Shields
    49 | D        | Reached skill level 15 in Poison Magic
    49 | D        | Reached skill level 15 in Evocations
    49 | D        | Noticed a tyrant
    49 | D        | HP: 4/169 [bag of meat/+9 war axe (32)]
    51 | D        | Killed from afar by a tyrant

Illustrated notes

Levels and vault maps discovered:
D:        meatsprint

Skill      XL: |  1  2  3  4  5  6  7  8  9 10 11 12 13 14 15 16 17 18 19 20 21 22 |
---------------+-------------------------------------------------------------------+-----
Fighting       | 17 22 24 27 | 27.0
Axes           | 18 24 26 27 | 27.0
Dodging        | 18 23 25 27 | 27.0
Stealth        | 7 9 10 17 27 | 27.0
Short Blades   | 5 7 9 11 14 15 16 | 16.2
Long Blades    | 4 6 8 10 12 13 14 | 14.2
Maces & Flails | 4 6 8 10 12 13 14 | 14.2
Polearms       | 4 6 8 10 12 13 14 | 14.2
Staves         | 4 6 8 10 12 13 14 | 14.2
Slings         | 4 6 8 10 12 14 15 | 15.0
Bows           | 5 7 9 11 14 15 16 | 16.2
Crossbows      | 5 7 9 11 14 15 16 | 16.2
Throwing       | 4 6 8 10 12 14 15 | 15.0
Armour         | 5 7 9 11 14 15 16 | 16.2
Shields        | 4 6 8 10 12 14 15 | 15.0
Unarmed Combat | 5 7 9 11 14 15 16 | 16.2
Spellcasting   | 4 6 8 9 11 13 | 13.8
Conjurations   | 6 9 11 13 16 18 19 | 19.0
Hexes          | 3 5 6 8 10 11 | 11.7
Summonings     | 5 8 10 12 15 16 17 | 17.6
Necromancy     | 5 7 9 11 14 15 16 | 16.2
Translocations | 3 5 7 9 10 12 | 12.7
Transmutations | 3 5 7 9 10 12 | 12.7
Fire Magic     | 5 7 9 11 14 15 16 | 16.3
Ice Magic      | 4 6 8 9 11 13 | 13.8
Air Magic      | 6 9 11 13 16 18 19 | 19.0
Earth Magic    | 3 5 6 8 10 11 | 11.7
Poison Magic   | 4 6 8 10 12 14 15 | 15.0
Invocations    | 4 6 8 9 11 13 | 13.8
Evocations     | 4 6 8 10 12 14 15 | 15.0

Action                   |  1- 3 |  4- 6 |  7- 9 | 10-12 | 13-15 | 16-18 | 19-21 | 22-24 || total
-------------------------+-------+-------+-------+-------+-------+-------+-------+-------++-------
Melee: Executioner's axe |     1 |       |       |     1 |     3 |     6 |    13 |     5 ||    29

Table legend: (Time is in decaauts)
 A = Elapsed time spent in this place.
 B = Non-inter-level travel time spent in this place.
 C = Inter-level travel time spent in this place.
 D = Time resting spent in this place.
 E = Time spent auto-exploring this place.
 F = Levels seen in this place.
 G = Mean time per level.
                   A        B        C        D        E       F      G
               +--------+--------+--------+--------+--------+-----+--------+
         Total |     41 |     41 |      0 |      0 |      0 |   1 |   41.0 |
       Dungeon |     41 |     41 |      0 |      0 |      0 |   1 |   41.0 |
               +--------+--------+--------+--------+--------+-----+--------+

Top non-repeatable levels by time:
       D: 41 daAuts
